 Dungeon Crawl Stone Soup version 0.27-a0-955-gb57c80000f (webtiles) character file.

Game seed: 3087875248690804187

1866 Morbidden the Insei (level 9, -9/64 HPs)
             Began as a Djinni Transmuter on Apr 12, 2021.
             Was a Follower of Cheibriados.
             Mangled by a hornet zombie (12 damage)
             ... on level 6 of the Dungeon.
             The game lasted 00:12:58 (8640 turns).

Morbidden the Insei (Djinni Transmuter)             Turns: 8640, Time: 00:12:59

Health: -9/64      AC:  2    Str: 13    XL:     9   Next: 13%
Gold:   287        EV: 23    Int: 18    God:    Cheibriados [*.....] SH:  0 Dex: 21

rFire    . . .     SeeInvis .     - Unarmed
rCold    . . .     Faith    +   (shield currently unavailable)
rNeg     + . .     Spirit   .   (armour currently unavailable)
rPois    ∞         Reflect  .   (helmet currently unavailable)
rElec    .         Harm     .   (cloak currently unavailable)
rCorr    .         Rampage  .   (gloves currently unavailable)
Will     .....                  (boots unavailable)
Stlth    +++.......             g - amulet of faith
HPRegen  0.20/turn              m - +4 ring of slaying
MPRegen  0.00/turn              t - ring of positive energy

@: spider-form, freezing walls, flying, very slow
A: venomous fangs, flying, tiny, (fire resistance 2), (cold vulnerability 1),
float, innate caster, hp casting, extra vitality 1
a: End Transformation, Renounce Religion, Bend Time


You were on level 6 of the Dungeon.
You worshipped Cheibriados.
Cheibriados was aware of your devotion.
You were a venomous arachnid creature.
You visited 2 branches of the dungeon, and saw 7 of its levels.

You collected 332 gold pieces.
You spent 45 gold pieces at shops.

Inventory:

Hand Weapons
 a - the +9 dagger of Ragnarok (melded) {venom, Fly rPois}
   (You found it on level 4 of the Dungeon)

   It poisons the flesh of those it strikes.
   It protects you from poison.
   It grants you flight.
Missiles
 c - 11 boomerangs (quivered)
 e - a throwing net
Armour
 n - the +2 robe "Mypnatae" {MP+9}
   (You found it on level 4 of the Dungeon)

   It affects your magic capacity (+9).
 q - +0 steam dragon scales (melded)
Jewellery
 g - an amulet of faith (around neck)
 m - a +4 ring of slaying (left front leg)
 t - a ring of positive energy (right front leg)
Wands
 r - a wand of paralysis (2)
Scrolls
 b - 4 scrolls of enchant armour {unknown}
 f - a scroll of noise {unknown}
 h - 3 scrolls of identify {unknown}
 i - 2 scrolls of magic mapping
 j - 4 scrolls of teleportation {unknown}
 k - a scroll of fear {unknown}
 l - a scroll of immolation {unknown}
 p - a scroll of enchant weapon {unknown}
 s - a scroll of amnesia {unknown}
Potions
 d - a potion of haste {unknown}
 o - a potion of curing
 u - a potion of attraction {unknown}
 v - a potion of flight {unknown}


   Skills:
 * Level 4.8 Fighting
 + Level 3.1 Short Blades
 + Level 0.3 Throwing
 + Level 3.0 Armour
 + Level 4.7 Dodging
 + Level 3.1 Stealth
 * Level 5.0 Unarmed Combat
 * Level 4.3 Spellcasting
 * Level 3.0 Invocations
 + Level 1.5 Evocations


You couldn't memorise any spells.
You knew the following spells:

 Your Spells              Type           Power      Damage    Failure   Level
a - Poisonous Vapours     Pois/Air       38%        N/A       12%         2
b - Spider Form           Tmut/Pois      9%         N/A       21%         3
c - Wereblood             Tmut           19%        N/A       12%         2
d - Ice Form              Ice/Tmut       19%        N/A       45%         4
e - Hydra Form            Tmut           9%         N/A       77%         5
f - Portal Projectile     Hex/Tloc       38%        N/A       21%         3
g - Beastly Appendage     Tmut           38%        N/A       10%         1
x - Frozen Ramparts       Ice            38%        1d5       21%         3
z - Freeze                Ice            76%        1d9       10%         1
Your spell library was empty.

Dungeon Overview and Level Annotations

Branches:
Dungeon (6/15)             Temple (1/1) D:4

Altars:
Ashenzari
Cheibriados
Dithmenos
Fedhas
Gozag
Hepliaklqana
Kikubaaqudgha
Makhleb
Okawaru
Qazlal
Sif Muna
Trog
Uskayaw
Vehumet
Wu Jian
Xom
Zin
The Shining One

Shops:
D:6 *

Annotations:
D:5 2 runed translucent doors


Innate Abilities, Weirdness & Mutations

You are a venomous arachnid creature.
You have poisonous fangs.
You are tiny and dextrous.
You are flying.
Your spellcasting is less reliable in this form.
Your armour is entirely melded.
You are incapable of wielding weapons or throwing items.
You are immune to poison.
((Your flesh is very heat resistant. (rF++)))
((You are vulnerable to cold. (rC-)))
You float through the air rather than walking.
You learn spells naturally, not from books.
Your magical power is your life essence.
You have superior vitality. (+4 HP)


Message History

The sky beast misses you.
Unknown command.
Unknown command.
Unknown command.
Unknown command.
Casting: Spider Form (dangerous; 21% risk of failure)
Confirm with . or Enter, or press ? or * to list all spells.
Casting: Frozen Ramparts (dangerous; 21% risk of failure)
Press: ? - help, Dir - look around, f - activate An open door.
The walls around you are covered in ice.
The hornet zombie completely resists.
The wall freezes the hornet zombie but does no damage.
The wall freezes the sky beast.
The sky beast misses you.
Unknown command.
Unknown command.
You hit the sky beast.
You kill the sky beast!
Cheibriados appreciates the change of pace.
The hornet zombie completely resists.
The wall freezes the hornet zombie but does no damage.
Unknown command.
You barely miss the hornet zombie.
The hornet zombie is heavily damaged.
The hornet zombie completely resists.
The wall freezes the hornet zombie but does no damage.
The hornet zombie hits you!
* * * LOW HITPOINT WARNING * * *
Unknown command.
You hit the hornet zombie but do no damage.
The hornet zombie is heavily damaged.
The hornet zombie completely resists.
The wall freezes the hornet zombie but does no damage.
The hornet zombie hits you!
* * * LOW HITPOINT WARNING * * *
You hit the hornet zombie.
The hornet zombie is heavily damaged.
The hornet zombie resists.
The wall freezes the hornet zombie.
The hornet zombie hits you!
You die...

......#...##...........#....#
......#...#............#....#
......#...+............#....#
......#...##..##>###...#....#
......+...##..##.###...######
......#...##......#......
......######......+.......
..... #...........#........
.....
#...##..##s####+########
<.... #...##..##Z###...#
..... .....
#...##..#........#......
.....
######..#........'......
..... #...#...######......
..... ##..##..# ..... ....
##..##### ##.. #.......# .
#.......#


You could see a hornet zombie.

Vanquished Creatures
  A steam dragon (D:5)
  Edmund (D:6)
  Menkaure (D:5)
  A water moccasin (D:5)
  A black bear (D:5)
  2 sky beasts
  An orc warrior (D:6)
  3 necrophages
  A scorpion (D:6)
  A bullfrog (D:6)
  A water moccasin skeleton (D:6)
  A howler monkey (D:5)
  A centaur zombie (D:5)
  A crimson imp (D:3)
  5 hounds
  A bullfrog skeleton (D:5)
  Jessica (D:3)
  An iguana (D:5)
  2 orc wizards (D:5)
  A howler monkey zombie (D:6)
  4 gnolls (D:3)
  6 adders
  A white imp (D:4)
  An adder skeleton (D:4)
  A worm (D:2)
  2 dart slugs
  8 orcs
  7 endoplasms
  4 giant cockroaches
  14 goblins
  11 hobgoblins
  4 jackals (D:1)
  7 kobolds
  4 quokkas
  5 ball pythons
  7 bats
  4 frilled lizards
  4 rats (D:1)
122 creatures vanquished.

Notes
Turn   | Place    | Note
-------+----------+-------------------------------------------
     0 | D:1      | Morbidden the Djinni Transmuter began the quest for the
                  | Orb.
     0 | D:1      | Reached XP level 1. HP: 17/17 MP: 0/0
    61 | D:1      | Found a faded altar of an unknown god.
   107 | D:1      | Reached XP level 2. HP: 17/22 MP: 0/0
  1158 | D:1      | Reached XP level 3. HP: 9/27 MP: 0/0
  1158 | D:1      | Learned a level 1 spell: Freeze
  2975 | D:2      | Reached XP level 4. HP: 25/32 MP: 0/0
  3709 | D:3      | Noticed Jessica
  3715 | D:3      | Killed Jessica
  4004 | D:3      | Reached XP level 5. HP: 26/38 MP: 0/0
  4004 | D:3      | Learned a level 2 spell: Poisonous Vapours
  4011 | D:3      | Reached skill level 1 in Short Blades
  4326 | D:3      | Found a burning altar of Makhleb.
  4770 | D:3      | Reached skill level 1 in Stealth
  4894 | D:4      | Reached XP level 6. HP: 35/45 MP: 0/0
  5003 | D:4      | Reached skill level 4 in Unarmed Combat
  5129 | D:4      | Noticed a necrophage
  5166 | D:4      | HP: 2/45 [necrophage (5)]
  5175 | D:4      | Killed a necrophage
  5690 | D:4      | Found a staircase to the Ecumenical Temple.
  5978 | D:4      | Identified the +9 dagger of Ragnarok {venom, Fly rPois}
  6147 | D:4      | Found a shadowy altar of Dithmenos.
  6160 | D:4      | Found a blossoming altar of Fedhas.
  6233 | D:4      | Identified the +2 war axe of Chaos {flame, +Rage MP+9
                  | Stlth-}
  6273 | Temple   | Entered the Ecumenical Temple
  6317 | Temple   | Became a worshipper of Cheibriados the Contemplative
  6348 | D:4      | Identified the +2 robe "Mypnatae" {MP+9}
  6728 | D:5      | Entered Level 5 of the Dungeon
  6800 | D:5      | Reached XP level 7. HP: 50/50 MP: 0/0
  6800 | D:5      | Learned a level 3 spell: Portal Projectile
  7006 | D:5      | Reached skill level 1 in Invocations
  7066 | D:5      | Found a large runed translucent door.
  7067 | D:5      | Found a large runed translucent door.
  7104 | D:5      | Reached skill level 1 in Armour
  7294 | D:5      | Noticed a steam dragon
  7300 | D:5      | Killed a steam dragon
  7365 | D:5      | Found a stormy altar of Qazlal.
  7397 | D:5      | Reached XP level 8. HP: 44/58 MP: 0/0
  7594 | D:5      | Noticed Menkaure
  7600 | D:5      | Killed Menkaure
  8312 | D:6      | Found Waill's General Store.
  8320 | D:6      | Bought a scroll of magic mapping for 45 gold pieces
  8356 | D:6      | Reached skill level 1 in Evocations
  8392 | D:6      | Reached * piety under Cheibriados
  8395 | D:6      | Reached XP level 9. HP: 34/63 MP: 0/0
  8395 | D:6      | Learned a level 3 spell: Frozen Ramparts
  8611 | D:6      | Noticed Edmund
  8624 | D:6      | Killed Edmund
  8625 | D:6      | Reached skill level 5 in Unarmed Combat
  8639 | D:6      | HP: 3/64 [hornet zombie (13)]
  8640 | D:6      | Mangled by a hornet zombie

Illustrated notes

Levels and vault maps discovered:
D:1:      grunt_arrival_lava_bath, layout_basic,
          ebering_ecumenical_altar_sacrificial
D:2:      cheibrodos_greedy_goblins, layout_rooms, minmay_cut_off
D:3:      layout_basic, grunt_temple_overflow_lords_of_destruction,
          kennysheep_jessica_study
D:4:      layout_cave_pods, amethyst_overflow_temple_binary, temple_pool_b,
          minmay_misc_feat_ornament, hangedman_decor_riveting
D:5:      layout_gridville, lemuel_crystal_altar, jmf_multi_god_temple2,
          uniq_menkaure
D:6:      layout_gridville, serial_shops, shop, minmay_manual_monstrance,
          uniq_edmund
Temple:   nicolae_temple_god_jail

Skill      XL: |  1  2  3  4  5  6  7  8  9 |
---------------+----------------------------+-----
Spellcasting   | 2 3 4 |  4.3
Fighting       | 2 3 4 |  4.8
Dodging        | 3 4 |  4.7
Short Blades   | 1 2 3 |  3.1
Stealth        | 1 2 3 |  3.1
Unarmed Combat | 4 5 |  5.0
Invocations    | 1 2 3 |  3.0
Armour         | 1 2 3 |  3.0
Evocations     | 1 |  1.5
Throwing       | |  0.3

Action                   |  1- 3 |  4- 6 |  7- 9 || total
-------------------------+-------+-------+-------++-------
Melee: Unarmed           |    83 |    48 |    29 ||   160
       Headbutt          |     9 |     2 |       ||    11
       Short sword       |    62 |    99 |       ||   161
       Punch             |     2 |     2 |       ||     4
       Dagger            |       |    17 |    74 ||    91
Throw: Boomerang         |    12 |       |     3 ||    15
 Cast: Beastly Appendage |    16 |     5 |       ||    21
       Freeze            |     1 |       |       ||     1
       Spider Form       |       |     6 |     3 ||     9
       Wereblood         |       |     4 |       ||     4
       Poisonous Vapours |       |       |     4 ||     4
       Frozen Ramparts   |       |       |     2 ||     2
Evoke: Wand              |       |       |     1 ||     1
  Use: Potion            |       |     2 |       ||     2
 Stab: Sleeping          |       |     2 |     2 ||     4
       Invisible         |       |     1 |       ||     1
       Paralysed         |       |       |     1 ||     1
Armor: Robe              |    28 |    14 |       ||    42
       Ring mail         |       |    21 |    10 ||    31
       Skin              |       |     1 |     2 ||     3
       Steam dragon scal |       |       |     8 ||     8
Dodge: Dodged            |   107 |   116 |    52 ||   275

Table legend: (Time is in decaauts)
 A = Elapsed time spent in this place.
 B = Non-inter-level travel time spent in this place.
 C = Inter-level travel time spent in this place.
 D = Time resting spent in this place.
 E = Time spent auto-exploring this place.
 F = Levels seen in this place.
 G = Mean time per level.
                   A        B        C        D        E       F      G
               +--------+--------+--------+--------+--------+-----+--------+
         Total |   9034 |   8758 |    276 |   1940 |   5689 |   7 | 1290.6 |
       Dungeon |   8976 |   8700 |    276 |   1940 |   5655 |   6 | 1496.0 |
        Temple |     57 |     57 |      0 |      0 |     34 |   1 |   57.0 |
               +--------+--------+--------+--------+--------+-----+--------+

Top non-repeatable levels by time:
     D:1: 2172 daAuts
     D:4: 1893 daAuts
     D:2: 1505 daAuts
     D:5: 1417 daAuts
     D:3: 1205 daAuts
     D:6: 783 daAuts
  Temple: 57 daAuts
